 Dungeon Crawl Stone Soup version 0.27.0-1-g7a089689b8 (webtiles) character file.

Game seed: 13538473848622755242

93 frimble the Chopper (level 4, -2/38 HPs)
             Began as a Minotaur Warper on Aug 16, 2021.
             Slain by a scorpion (4 damage)
             ... on level 3 of the Dungeon.
             The game lasted 00:02:33 (3122 turns).

frimble the Chopper (Minotaur Warper)               Turns: 3122, Time: 00:02:34

Health: -2/38      AC:  5    Str: 15    XL:     4   Next: 36%
Magic:  5/5        EV: 12    Int:  9    God:
Gold:   80         SH:  0    Dex: 10    Spells: 3/5 levels left

rFire    . . .     SeeInvis .   a - +0 hand axe
rCold    . . .     Faith    .   (no shield)
rNeg     . . .     Spirit   .   b - +0 leather armour
rPois    .         Reflect  .   (helmet restricted)
rElec    .         Harm     .   (no cloak)
rCorr    .         Rampage  .   (no gloves)
Will     .....                  (no boots)
Stlth    +.........             j - amulet of magic regeneration
HPRegen  0.12/turn              (no ring)
MPRegen  0.34/turn              (no ring)

@: lethally poisoned (-2 -> -9)
A: horns 2, retaliatory headbutt, iridescent scales 1, dopey 1
a: no special abilities


You were on level 3 of the Dungeon.
You visited 1 branch of the dungeon, and saw 3 of its levels.

You collected 80 gold pieces.

Inventory:

Hand Weapons
 a - a +0 hand axe (weapon)
Missiles
 d - 5 boomerangs of dispersal (quivered)
Armour
 b - a +0 leather armour (worn)
 g - a +0 buckler
Jewellery
 j - an amulet of magic regeneration (around neck)
Scrolls
 c - a scroll of blinking
 e - a scroll of acquirement {unknown}
 i - a scroll of enchant weapon {unknown}
 k - a scroll of noise {unknown}
 l - 2 scrolls of magic mapping {unknown}
Potions
 f - a potion of magic {unknown}
 h - 2 potions of brilliance {unknown}
 m - a potion of mutation


   Skills:
 + Level 3.2 Fighting
 + Level 3.2 Axes
 - Level 1.0 Throwing
 - Level 1.2 Armour
 + Level 3.1 Dodging
 * Level 2.0 Shields
 - Level 1.3 Spellcasting
 + Level 2.6 Translocations


You had 3 spell levels left.
You knew the following spells:

 Your Spells              Type           Power      Damage    Failure   Level
a - Blink                 Tloc           N/A        N/A       22%         2

Your spell library contained the following spells:

 Spells                   Type           Power      Damage    Failure   Level
 Gell's Gravitas          Tloc           2%         N/A       41%         3
 Lesser Beckoning         Tloc           2%         N/A       41%         3
 Teleport Other           Tloc           5%         N/A       41%         3
 Manifold Assault         Tloc           5%         N/A       99%         5


Dungeon Overview and Level Annotations

Branches:
Dungeon (3/15)

Altars:
Trog
Vehumet

Shops:
D:2 =

Annotations:
D:2 1 runed translucent door, Crazy Yiuf


Innate Abilities, Weirdness & Mutations

You have a pair of horns on your head.
You reflexively headbutt those who attack you in melee.
You are partially covered in iridescent scales. (AC +2)
You are dopey. (Int -2)


Message History

You kill the quokka!
You hit the scorpion.
The scorpion is lightly wounded.
The scorpion barely misses you. You furiously retaliate!
You headbutt the scorpion. You hit the scorpion.
The scorpion is moderately wounded.
The scorpion stings you.
You are poisoned.
The scorpion poisons you! The scorpion closely misses you.
You furiously retaliate!
You headbutt the scorpion. You hit the scorpion but do no damage.
The scorpion is heavily wounded.
You feel very sick. The scorpion stings you.
You hit the scorpion but do no damage. You headbutt the scorpion.
The scorpion is severely wounded.
You feel sick. The scorpion barely misses you. The scorpion stings you.
You are more poisoned.
The scorpion poisons you!
You are too injured to fight recklessly!
You are too injured to fight recklessly!
You are too injured to fight recklessly!
You are too injured to fight recklessly!
You are too injured to fight recklessly!
You barely miss the scorpion.
The scorpion is severely wounded.
You feel very sick. The scorpion stings you.
You closely miss the scorpion. Your headbutt misses the scorpion.
The scorpion is severely wounded.
You feel very sick. The scorpion stings you!
* * * LOW HITPOINT WARNING * * *
You closely miss the scorpion.
The scorpion is severely wounded.
* * * LOW HITPOINT WARNING * * *
You feel very sick. The scorpion stings you.
You die...

###### #.###
#...# ###.# #.#
#.# #†# #.#
#######.######..
#.....s@.†......
#.#####.#####...
#.# #.# ..# ###


You could see a scorpion.

Vanquished Creatures
  3 gnolls
  2 worms (D:3)
  An orc (D:3)
  2 endoplasms
  4 giant cockroaches
  2 goblins
  3 hobgoblins
  4 jackals (D:3)
  4 quokkas
  9 ball pythons
  5 bats
  4 frilled lizards
  5 kobolds (D:1)
  8 rats
56 creatures vanquished.

Notes
Turn   | Place    | Note
-------+----------+-------------------------------------------
     0 | D:1      | frimble the Minotaur Warper began the quest for the Orb.
     0 | D:1      | Reached XP level 1. HP: 18/18 MP: 1/1
   648 | D:1      | Reached XP level 2. HP: 24/25 MP: 3/3
  1420 | D:1      | Gained mutation: You are partially covered in iridescent
                  | scales. (AC +2) [potion of mutation]
  1420 | D:1      | Gained mutation: You are dopey. (Int -2) [potion of
                  | mutation]
  1423 | D:1      | Reached XP level 3. HP: 12/30 MP: 4/4
  1866 | D:1      | Learned a level 2 spell: Blink
  1876 | D:1      | Reached skill level 1 in Shields
  2136 | D:2      | Found Qilotz's Jewellery Shoppe.
  2299 | D:2      | Found a runed translucent door.
  2300 | D:2      | Noticed Crazy Yiuf
  2353 | D:2      | Found a radiant altar of Vehumet.
  2521 | D:3      | Reached XP level 4. HP: 27/38 MP: 5/5
  2656 | D:3      | Noticed a moth of wrath
  2659 | D:3      | Found a bloodstained altar of Trog.
  3112 | D:3      | Noticed a scorpion
  3122 | D:3      | Slain by a scorpion

Illustrated notes

Levels and vault maps discovered:
D:1:      dpeg_arrival_line_fractal, layout_basic,
          chequers_serial_rivers_large_b, minmay_misc_feat_ornament
D:2:      layout_rooms, serial_shops, shop, basic_altar, uniq_crazy_yiuf_cottage
D:3:      layout_loops_ring, tgw_trog, ebering_ecumenical_altar_rust,
          minmay_misc_feat_columns, uniq_jessica

Skill      XL: |  1  2  3  4 |
---------------+-------------+-----
Fighting       | 3 |  3.2
Axes           | 3 |  3.2
Shields        | 1 2 |  2.0
Dodging        | 3 |  3.1
Throwing       | |  1.0
Armour         | |  1.2
Spellcasting   | |  1.3
Translocations | |  2.6

Action                   |  1- 3 |  4- 6 || total
-------------------------+-------+-------++-------
Melee: Hand axe          |   104 |    49 ||   153
       Headbutt          |    11 |     6 ||    17
  Use: Potion            |     1 |       ||     1
Armor: Leather armour    |    35 |    12 ||    47
Dodge: Dodged            |    93 |    27 ||   120
